 Dungeon Crawl Stone Soup version 0.29.0-4-gdea44cf6ec (webtiles) character file.

Game seed: 8153046371545773746

2009 greasedhog the Slasher (level 9, -1/81 HPs)
             Began as a Gargoyle Wanderer on Aug 26, 2022.
             Slain by a skeletal warrior
             ... wielding a +0 long sword
              (8 damage)
             ... on level 7 of the Dungeon on Aug 27, 2022.
             The game lasted 00:08:48 (5791 turns).

greasedhog the Slasher (Gargoyle Wanderer)          Turns: 5791, Time: 00:08:48

Health: -1/81      AC: 20    Str: 18    XL:     9   Next: 22%
Magic:  9/9        EV: 11    Int: 10    God:
Gold:   459        SH:  5    Dex: 14    Spells: 8/8 levels left

rFire   . . .      SeeInvis .   p - +0 scimitar (venom)
rCold   . . .      Faith    .   j - orb {*Rage}
rNeg    + . .      Spirit   .   b - +2 scale mail
rPois   ∞          Reflect  +   x - +2 helmet
rElec   +          Harm     .   i - +0 cloak
rCorr   .          Rampage  .   (no gloves)
Will    .....      Rage     20% (no boots)
Stlth   ..........              C - amulet of reflection
HPRegen 0.23/turn               (no ring)
MPRegen 0.11/turn               (no ring)

@: berserking, slowed
A: sickness immunity, AC +6, negative energy resistance 1, electricity
resistance, torment resistance 1, petrification resistance
a: no special abilities


You were on level 7 of the Dungeon.
You visited 1 branch of the dungeon, and saw 7 of its levels.
You also visited: Ossuary.

You collected 549 gold pieces.
You spent 90 gold pieces at shops.

Inventory:

Hand Weapons
 a - a +0 falchion
 m - a +1 dagger of venom
 p - a +0 scimitar of venom (weapon)
Missiles
 n - a throwing net (quivered)
Armour
 b - a +2 scale mail (worn)
 i - a +0 cloak (worn)
 j - an orb of wrath (worn)
 x - a +2 helmet (worn)
Jewellery
 C - an amulet of reflection (around neck)
Wands
 t - a wand of roots (9)
 F - a wand of paralysis (3)
Scrolls
 c - 2 scrolls of silence
 d - a scroll of blinking
 h - 4 scrolls of vulnerability
 k - a scroll of summoning
 l - a scroll of immolation {unknown}
 o - 2 scrolls of poison
 w - a scroll of enchant armour {unknown}
 y - a scroll of noise {unknown}
 z - 2 scrolls of teleportation {unknown}
 B - 2 scrolls of magic mapping {unknown}
 D - a scroll of butterflies {unknown}
 E - a scroll of fear {unknown}
Potions
 e - 2 potions of brilliance {unknown}
 f - 9 potions of curing
 g - a potion of experience {unknown}
 q - 2 potions of haste {unknown}
 r - 3 potions of flight {unknown}
 s - a potion of heal wounds {unknown}
 u - a potion of attraction {unknown}
 v - a potion of might {unknown}
 A - 2 potions of degeneration {unknown}


   Skills:
 - Level 5.1 Fighting
 * Level 7.9 Long Blades
 - Level 5.4 Armour
 - Level 5.0 Dodging
 - Level 1.1 Stealth
 * Level 2.6 Evocations


You had 8 spell levels left.
You didn't know any spells.
Your spell library contained the following spells:

 Spells                   Type           Power      Damage    Failure   Level
 Iskenderun's Battlesphe  Conj           0%         2d6       100%        5
 Iron Shot                Conj/Erth      0%         9d1       100%        6
 Spellforged Servitor     Conj/Summ      0%         N/A       100%        7


Dungeon Overview and Level Annotations

Branches:
Dungeon (8/15)            Ossuary (visited)
 Temple: D:4-7         Lair: D:8-11

Altars:
Ashenzari
Cheibriados
Dithmenos
Elyvilon
Hepliaklqana
Zin

Shops:
D:1 :


Innate Abilities, Weirdness & Mutations

You are immune to sickness and miasma.
Your stone body is resilient. (AC +6)
You are immune to poison.
You resist negative energy. (rN+)
You are resistant to electric shocks. (rElec)
You are resistant to unholy torment.
You are immune to petrification.


Message History

You block the wraith's attack.
You barely miss the wraith.
The wraith is moderately damaged.
The skeletal warrior barely misses you. The wraith closely misses you.
The skeletal warrior hits you with a +0 long sword!
The wraith closely misses you.
You are too injured to fight recklessly!
You are too injured to fight recklessly!
You are too injured to fight recklessly!
You are too injured to fight recklessly!
You are too injured to fight recklessly!
You are too injured to fight recklessly!
You are too injured to fight recklessly!
You are too injured to fight recklessly!
You are too injured to fight recklessly!
You are too injured to fight recklessly!
You are too injured to fight recklessly!
Unknown command.
A red film seems to cover your vision as you go berserk!
You feel yourself moving faster!
You feel mighty!
You slice the skeletal warrior!!
The skeletal warrior is moderately damaged.
The skeletal warrior closely misses you.
A wraith comes into view.
The skeletal warrior hits you with a +0 long sword.
You hit the skeletal warrior.
The skeletal warrior is heavily damaged.
The skeletal warrior hits you with a +0 long sword!
* * * LOW HITPOINT WARNING * * *
Unknown command.
You slash the skeletal warrior!
The skeletal warrior is heavily damaged.
The skeletal warrior hits you with a +0 long sword!
* * * LOW HITPOINT WARNING * * *
Unknown command.
You are too berserk!
You closely miss the skeletal warrior.
The skeletal warrior is heavily damaged.
The skeletal warrior hits you with a +0 long sword!
You die...

.......#######
............#
#.###.#####.# ......#
#.###
......#####...#########
......##...............
......##.#.............
.........#.###.#######.
......#..#.#..##@##..#
########...#.#..#zW..#
# #.......#.####W.## #
##.##...#..# #.#
####<.##...#.## #..
...#.###...##. ##.
...........# .# #
...#####.#.# #. ...#
#.#.# ##


You could see a skeletal warrior and 2 wraiths.

Vanquished Creatures
  2 water moccasins
  2 black bears
  2 centaurs
  A bullfrog (D:8)
  3 scorpions
  8 water moccasin zombies (Ossuary)
  3 wights (D:8)
  6 killer bees (D:7)
  A hound (D:4)
  A gnoll bouda (D:8)
  An orc wizard (D:4)
  3 mummies
  7 gnolls
  7 adders
  2 ufetubi
  3 adder zombies (Ossuary)
  2 worms
  4 dart slugs
  8 orcs
  6 endoplasms
  7 giant cockroaches
  5 gnoll zombies (Ossuary)
  7 hobgoblins
  3 jackals
  3 quokkas
  8 ball pythons
  4 bats
  2 frilled lizards
  9 goblins
  4 hobgoblin zombies (Ossuary)
  5 kobolds
  4 kobold zombies (Ossuary)
  3 orc zombies (Ossuary)
  2 rats
  A bush (D:1)
139 creatures vanquished.

Vanquished Creatures (others)
  A plant (D:1)
  3 toadstools (D:1)
4 creatures vanquished.

Grand Total: 143 creatures vanquished

Notes
Turn   | Place    | Note
-------+----------+-------------------------------------------
     0 | D:1      | greasedhog the Gargoyle Wanderer began the quest for the
                  | Orb.
     0 | D:1      | greasedhog set off with the following items: a +0 falchion,
                  | a +2 scale mail, a scroll of silence, a scroll of blinking.
     0 | D:1      | Reached XP level 1. HP: 12/12 MP: 1/1
   187 | D:1      | Found Fuefureu's Book Emporium.
   352 | D:1      | Reached skill level 2 in Long Blades
   850 | D:1      | Found a faded altar of an unknown god.
   856 | D:1      | Reached XP level 2. HP: 15/17 MP: 2/2
  1832 | D:2      | Reached XP level 3. HP: 22/22 MP: 3/3
  2340 | D:2      | Reached XP level 4. HP: 28/28 MP: 4/4
  2487 | D:2      | Reached skill level 3 in Long Blades
  2633 | D:3      | Found a snail-covered altar of Cheibriados.
  2635 | D:3      | Found a hazy altar of Hepliaklqana.
  2774 | D:3      | Found Zin's Purification Station.
  2774 | D:3      | Found a glowing silver altar of Zin.
  2804 | D:3      | Bought a potion of curing for 90 gold pieces
  2954 | D:3      | Found a broken altar of Ashenzari.
  3238 | D:3      | Reached XP level 5. HP: 32/32 MP: 5/5
  3679 | D:4      | Reached skill level 4 in Long Blades
  3747 | D:4      | Reached XP level 6. HP: 39/39 MP: 6/6
  3882 | D:4      | Found the +9 staff of Olgreb {rPois∞}
  3907 | D:4      | Reached skill level 5 in Fighting
  3921 | D:4      | Reached XP level 7. HP: 21/44 MP: 7/7
  4179 | D:4      | Reached skill level 5 in Long Blades
  4179 | D:4      | Reached skill level 1 in Dodging
  4362 | D:5      | Entered Level 5 of the Dungeon
  4433 | D:5      | You fall into a shaft and drop 3 floors!
  4713 | D:8      | Found a white marble altar of Elyvilon.
  4814 | D:8      | Found a sand-covered staircase.
  4828 | Ossuary  | Entered an ossuary
  4921 | Ossuary  | Reached skill level 6 in Long Blades
  4921 | Ossuary  | Reached XP level 8. HP: 49/49 MP: 6/8
  5349 | D:8      | Found a shadowy altar of Dithmenos.
  5431 | D:8      | Reached skill level 7 in Long Blades
  5587 | D:7      | Reached skill level 5 in Dodging
  5625 | D:7      | Reached XP level 9. HP: 54/54 MP: 9/9
  5783 | D:7      | Noticed a skeletal warrior
  5791 | D:7      | Slain by a skeletal warrior

Illustrated notes

Levels and vault maps discovered:
D:1:      dpeg_arrival_circle_labyrinth_c, layout_basic, serial_shops, shop,
          basic_ecumenical_altar, serial_forest, infiniplex_forest_lined_corner,
          infiniplex_forest_end_2, infiniplex_forest_clump_curved,
          infiniplex_forest_lined_3_way, infiniplex_forest_lined_2,
          minmay_gold_behind_fungi
D:2:      layout_basic
D:3:      layout_loops_ring, zin_purify, mainiacjoe_overflow_24_doors,
          minitemple, serial_forest, infiniplex_forest_clump_curved,
          infiniplex_forest_lined_ring, infiniplex_forest_lined_room_,
          infiniplex_forest_clump_medium, infiniplex_forest_zigzag_1,
          infiniplex_forest_straight_2, infiniplex_forest_clump_double,
          infiniplex_forest_lined_room_3
D:4:      minmay_clustersquares, layout_basic
D:5:      layout_basic, nzn_wu_jian_council_hall,
          nicolae_qazlal_scattered_showers, uniq_ijyb
D:7:      layout_rooms, nicolae_ru_path_of_blood, grunt_ministairs_11,
          minmay_guarded_unrand_finisher
D:8:      layout_loops_cross, elyvilon_altar_1, mainiacjoe_overflow_boulevard,
          gup_ossuary_entry_pyramid

Skill      XL: |  1  2  3  4  5  6  7  8  9 |
---------------+----------------------------+-----
Long Blades    | 2 3 4 6 7 |  7.9
Fighting       | 2 3 4 5 |  5.1
Dodging        | 3 5 |  5.0
Evocations     | 2 |  2.6
Armour         | |  5.4
Stealth        | |  1.1

Action                   |  1- 3 |  4- 6 |  7- 9 || total
-------------------------+-------+-------+-------++-------
Melee: Falchion          |   161 |       |       ||   161
       Punch             |     4 |       |       ||     4
       Dagger            |    63 |    47 |       ||   110
       Scimitar          |       |    80 |   230 ||   310
  Use: Scroll            |     3 |     1 |     1 ||     5
Armor: Scale mail        |    59 |    86 |   127 ||   272
Dodge: Dodged            |    53 |    83 |   119 ||   255
Block: Orb               |       |       |     8 ||     8
